Map: World of Sleepers LE

Players

soul

  • Race: Terran Terran
  • League: Grandmaster
  • Spawn Location: 7:00

AGOElazer (Elazer) - Winner!

  • Race: Zerg Zerg
  • League: Master
  • Spawn Location: 1:00

Event: HomeStory Cup XX

VOD

Have the link to the VOD?

Description

Time

  • Played on: Nov. 21, 2019, 8:53 a.m.
  • Length: 10:00

All games in this series

Show
View Real Time Build Order
Export as new Build Order

soul Terran 

Build Orders: Liberator Opening, Reaper Expand 

Get SALT Encoding   

  12  0:00  SCV  
  13  0:13  SCV  
  14  0:17  Supply Depot  
  14  0:25  SCV  
  15  0:39  SCV  
  15  0:42  Barracks  
  16  0:44  Refinery  
  16  0:51  SCV  
  17  1:03  SCV  
  18  1:15  SCV  
  19  1:29  Orbital Command, Reaper  
  20  1:43  Command Center  
  20  1:52  Supply Depot  
  20  1:54  SCV  
  20  2:01  Marine  
  22  2:07  Factory  
  22  2:09  SCV  
  22  2:13  Refinery  
  23  2:21  SCV  
  23  2:22  Barracks Reactor  
  24  2:33  SCV  
  24  2:46  SCV  
  25  2:52  Starport  
  25  2:54  Orbital Command  
  25  2:58  SCV  
  26  3:02  Hellion x2  
  30  3:08  Barracks Tech Lab  
  30  3:09  Supply Depot  
  30  3:10  SCV  
  30  3:20  Liberator  
  30  3:21  SCV  
  30  3:22  SCV  
  30  3:25  Hellion x2  
  36  3:33  SCV  
  37  3:34  SCV  
  37  3:37  Barracks Tech Lab  
  37  3:40  Supply Depot  
  41  3:45  SCV  
  42  3:51  SCV  
  42  3:52  Hellion x2  
  45  3:57  SCV  
  45  3:59  Stimpack, Marine  
  45  4:03  SCV  
  45  4:05  Supply Depot  
  45  4:09  SCV  
  46  4:15  SCV  
  47  4:17  Marine, Hellion  
  47  4:18  Hellion  
  47  4:21  SCV  
  53  4:27  SCV  
  54  4:33  Command Center  
  54  4:37  SCV  
  55  4:40  Supply Depot  
  55  4:42  SCV  
  56  4:48  Starport Reactor  
  56  4:55  SCV x2, Barracks  
  56  4:58  Siege Tank, Barracks  
  56  4:59  Marine  
  60  5:07  SCV  
  60  5:10  SCV, Engineering Bay x2  
  60  5:17  Refinery x2, Marine  
  58  5:32  Supply Depot  
  58  5:34  Siege Tank, Marine  
  58  5:35  Starport Reactor  
  61  5:38  Combat Shield, SCV  
  61  5:40  SCV, Terran Infantry Weapons Level 1  
  63  5:43  Terran Infantry Armor Level 1  
  63  5:49  Orbital Command  
  63  5:51  SCV  
  63  5:52  Marine  
  63  5:54  Marine x4  
  69  5:59  SCV  
  69  6:03  SCV  
  71  6:10  Marine  
  72  6:11  Marine x3, SCV  
  72  6:14  Medivac  
  72  6:15  Marine  
  72  6:16  Orbital Command  
  72  6:18  Medivac  
  81  6:19  SCV  
  82  6:26  Supply Depot x2  
  82  6:27  Siege Tank, Supply Depot  
  82  6:28  Marine, SCV  
  82  6:29  Marine x2  
  82  6:31  SCV  
  90  6:36  Marine  
  90  6:38  Marine  
  92  6:40  SCV  
  92  6:43  SCV x2  
  92  6:46  Marine  
  92  6:47  Marine x2  
  92  6:49  Supply Depot  
  92  6:50  Supply Depot  
  92  6:52  SCV  
  95  6:54  Marine  
  95  6:55  Marine, SCV  
  95  7:00  SCV  
  99  7:03  Barracks  
  99  7:04  Marine, SCV  
  99  7:05  Barracks  
  99  7:08  Marine, SCV  
  102  7:10  Marine  
  102  7:12  SCV  
  102  7:14  Marine x2  
  104  7:16  SCV  
  104  7:17  Armory  
  104  7:19  Medivac  
  104  7:20  Medivac, SCV  
  110  7:25  SCV  
  110  7:28  Marine  
  112  7:34  Marine  
  112  7:35  Marine x3, SCV  
  111  7:41  SCV  
  108  7:45  Marine  
  108  7:47  Supply Depot  
  109  7:52  Marine  
  109  7:54  Marine x3  
  109  7:56  Barracks Reactor  
  109  7:57  Barracks Reactor  
  111  8:00  Factory  
  111  8:03  Command Center, Marine  
  112  8:05  Refinery  
  112  8:06  Refinery  
  112  8:07  Drilling Claws  
  112  8:10  Marine  
  112  8:12  Marine x2, SCV x2  
  118  8:14  Supply Depot  
  118  8:19  Marine  
  116  8:21  Marine  
  117  8:28  Marine  
  117  8:29  Marine  
  117  8:30  Marine  
  120  8:34  Missile Turret x3  
  120  8:36  Marine x2  
  125  8:44  Marine x4, SCV  
  125  8:46  Marine  
  125  8:47  Marine x2  
  128  8:49  Factory Reactor  
  128  8:52  Thor  
  128  8:54  SCV  
  123  9:01  SCV, Bunker  
  123  9:02  Marine  
  119  9:05  Marine x4  
  119  9:07  Sensor Tower  
  124  9:11  SCV  
  123  9:20  Missile Turret, SCV  
  123  9:21  SCV, Supply Depot  
  123  9:22  Supply Depot  
  123  9:23  SCV  
  125  9:25  Missile Turret  
  125  9:26  Missile Turret x2  
  125  9:31  Widow Mine x2  
  124  9:33  SCV  
  124  9:36  Widow Mine  
  124  9:38  Marine  
Show
View Real Time Build Order
Export as new Build Order

AGOElazer Zerg - Winner!

Build Orders: Hatch First, Muta Ling Bane 

Get SALT Encoding   

  12  0:00  Drone  
  13  0:12  Overlord  
  13  0:17  Drone  
  14  0:30  Drone x2  
  16  0:47  Hatchery  
  15  0:51  Drone  
  15  0:55  Drone  
  17  0:57  Drone  
  18  1:09  Extractor  
  17  1:13  Spawning Pool  
  17  1:16  Drone  
  17  1:19  Drone  
  18  1:27  Drone  
  19  1:39  Drone  
  20  1:49  Drone  
  21  1:59  Queen  
  21  2:00  Queen  
  21  2:01  Zergling x4  
  27  2:13  Hatchery  
  26  2:18  Overlord  
  26  2:21  Drone  
  27  2:24  Drone  
  28  2:31  Metabolic Boost  
  28  2:39  Drone x3  
  31  2:45  Queen  
  31  2:50  Overlord  
  33  2:52  Drone  
  33  2:55  Drone  
  33  2:57  Drone  
  36  3:10  Drone x2  
  36  3:11  Drone x4  
  42  3:14  Drone x2  
  42  3:19  Overlord  
  44  3:24  Queen  
  46  3:32  Drone  
  46  3:33  Roach Warren  
  46  3:34  Drone x2  
  46  3:36  Drone  
  49  3:44  Zergling x4  
  49  3:46  Drone x4  
  55  3:52  Drone x2  
  55  3:55  Unknown, Drone x2  
  56  3:59  Overlord  
  56  4:00  Drone  
  57  4:06  Lair  
  57  4:07  Overlord  
  57  4:17  Overlord, Queen  
  57  4:19  Drone x5  
  57  4:21  Drone  
  65  4:28  Overlord  
  65  4:31  Extractor, Overlord  
  64  4:32  Drone x3  
  64  4:35  Evolution Chamber  
  64  4:36  Evolution Chamber  
  65  4:39  Spore Crawler  
  65  4:40  Spore Crawler  
  65  4:42  Spore Crawler  
  65  4:43  Drone x2  
  65  4:45  Drone x2  
  66  4:47  Drone  
  66  4:49  Baneling Nest  
  66  4:52  Drone x2  
  68  4:54  Drone  
  68  4:56  Zergling x4  
  71  5:03  Zergling x2  
  71  5:06  Zerg Ground Armor Level 1, Zerg Melee Weapons Level 1, Drone, Overlord  
  70  5:10  Extractor, Drone x2  
  70  5:13  Drone x2  
  70  5:17  Drone x2  
  70  5:21  Drone x2  
  71  5:22  Drone  
  71  5:25  Drone  
  73  5:30  Overlord  
  73  5:33  Spore Crawler, Drone x2  
  73  5:37  Drone x2  
  73  5:42  Overlord  
  75  5:46  Overlord  
  75  5:47  Zergling x8  
  79  5:50  Zergling x4  
  79  5:52  Zergling x2  
  79  5:53  Baneling  
  79  5:54  Baneling x3  
  82  5:57  Centrifical Hooks  
  82  6:03  Zergling x4, Overlord  
  84  6:06  Drone  
  85  6:13  Overlord  
  85  6:16  Drone x2  
  85  6:17  Hatchery, Extractor, Drone x2  
  87  6:18  Drone  
  87  6:19  Drone  
  89  6:26  Zergling x2, Spire  
  90  6:32  Zergling x2  
  90  6:33  Zergling x10  
  90  6:35  Zergling x4  
  90  6:38  Overlord  
  97  6:43  Zergling x8  
  97  6:44  Zergling x4  
  102  6:48  Burrow  
  102  6:49  Zergling x2  
  105  6:54  Drone x2  
  105  6:58  Drone  
  105  7:01  Zerg Ground Armor Level 2, Zerg Melee Weapons Level 2  
  105  7:07  Overlord  
  105  7:08  Drone x6  
  111  7:13  Drone x4  
  112  7:20  Extractor  
  111  7:23  Drone x3  
  114  7:35  Zergling x8  
  106  7:38  Zergling x12  
  106  7:41  Zergling x4  
  113  7:44  Zerg Flyer Weapons Level 1  
  113  7:50  Mutalisk x6  
  123  7:55  Mutalisk x2  
  127  8:02  Mutalisk x2  
  127  8:04  Mutalisk x4, Hatchery  
  138  8:10  Baneling x6  
  138  8:11  Mutalisk x2  
  141  8:16  Drone x3  
  141  8:18  Drone x4  
  141  8:19  Drone  
  146  8:20  Drone  
  147  8:27  Overlord  
  147  8:31  Zergling x6  
  150  8:36  Overlord  
  150  8:37  Overlord  
  150  8:39  Zergling x12  
  156  8:45  Overlord  
  156  8:46  Drone x4  
  156  8:50  Zergling x4  
  155  9:00  Baneling x10, Overlord  
  155  9:01  Zergling x10  
  159  9:03  Zergling x6  
  159  9:08  Baneling x2  
  162  9:13  Zergling x8  
  162  9:16  Baneling x23, Infestation Pit  
  163  9:19  Overseer  
  163  9:21  Zergling x14  
  170  9:24  Baneling x13  
  170  9:26  Zergling x4  
  172  9:33  Zergling x18  
Tags
 
Add a new tag
Caveats
  • Supply blocks, unpowered buildings, or Contaminate may cause inaccurate times.
  • Supply counts are checked every 10 seconds.